 Dungeon Crawl Stone Soup version 0.25.1-2-g60ff931df9 (webtiles) character file.

Game seed: 627939856394378854

8501 EcosseEcosse the Cleaver (level 11, -3/97 HPs)
             Began as a Minotaur Fighter on Sept 8, 2020.
             Was a Priest of the Shining One.
             Killed from afar by an electric eel (9 damage)
             ... with a bolt of electricity
             ... on level 9 of the Dungeon.
             The game lasted 00:28:50 (10375 turns).

EcosseEcosse the Cleaver (Minotaur Fighter)        Turns: 10375, Time: 00:28:50

Health: -3/97      AC:  9    Str: 22    XL:     11   Next: 10%
Magic:  10/10      EV: 12    Int:  5    God:    the Shining One [***...]
Gold:   94         SH: 12    Dex: 12    Spells: 10/10 levels left

rFire    + . .     SeeInvis .   m - +2 hand axe (vorpal)
rCold    . . .     Gourm    .   c - +0 kite shield
rNeg     + + .     Faith    .   M - +2 ring mail {rF+}
rPois    .         Spirit   .   (helmet restricted)
rElec    .         Reflect  .   (no cloak)
rCorr    .         Harm     .   (no gloves)
MR       .....                  (no boots)
Stlth    +.........             (no amulet)
HPRegen  0.26/turn              C - ring of positive energy
MPRegen  0.12/turn              (no ring)

@: glowing
A: retaliatory headbutt, horns 2
a: Divine Shield, Renounce Religion


You were on level 9 of the Dungeon.
You worshipped the Shining One.
The Shining One was most pleased with you.
You were not hungry.

You visited 1 branch of the dungeon, and saw 9 of its levels.
You also visited: Sewer.

You collected 528 gold pieces.
You spent 434 gold pieces at shops.

Inventory:

Hand Weapons
 a - a +0 war axe
 m - a +2 vorpal hand axe (weapon)
 s - a +0 mace
 w - a +2 whip of flaming
 x - a +3 dagger of venom
 D - a +0 hand axe of distortion
 H - a +2 short sword of freezing
 P - a +3 scimitar of flaming
Armour
 b - a +0 scale mail
 c - a +0 kite shield (worn)
 M - a +2 ring mail of fire resistance (worn)
Jewellery
 y - an uncursed ring of magical power
 C - a ring of positive energy (left hand)
 J - a cursed -4 ring of dexterity {unknown}
Wands
 F - a wand of polymorph (18)
 O - a wand of acid (13)
Scrolls
 e - 3 scrolls of teleportation
 k - 2 scrolls of remove curse {unknown}
 p - 3 scrolls of blinking {unknown}
 q - a scroll of noise {unknown}
 t - 2 scrolls of random uselessness {unknown}
 A - a scroll of fog {unknown}
 G - 6 scrolls of magic mapping {unknown}
 I - 3 scrolls of amnesia {unknown}
 N - a scroll of enchant armour {unknown}
 R - a scroll of identify
Potions
 d - a potion of might
 g - a potion of resistance
 h - a potion of berserk rage {unknown}
 i - a potion of ambrosia
 l - 5 potions of curing
 n - 2 potions of heal wounds
 o - 3 potions of stabbing
 r - a potion of lignification
 u - 2 potions of brilliance {unknown}
 v - a potion of cancellation {unknown}
 z - a potion of haste {unknown}
 B - 2 potions of flight {unknown}
 E - 2 potions of mutation {unknown}
 K - a potion of invisibility
 Q - a potion of magic {unknown}
Miscellaneous
 j - a lightning rod (4/4)
 L - a phantom mirror
Comestibles
 f - 12 rations


   Skills:
 + Level 9.4 Fighting
 + Level 12.6 Axes
 + Level 9.4 Armour
 + Level 5.1 Dodging
 + Level 1.1 Stealth
 + Level 9.6 Shields


You had 10 spell levels left.
You didn't know any spells.
Your spell library contained the following spells:

 Spells                   Type           Power        Failure   Level  Hunger
 Confusing Touch          Hex            #.......     99%         3    ####...
 Gell's Gravitas          Tloc           #.........   99%         3    ####...
 Petrify                  Tmut/Erth      #.......     100%        4    #####..
 Metabolic Englaciation   Hex/Ice        #.........   100%        5    ######.
 Yara's Violent Unravell  Hex/Tmut       #.........   100%        5    ######.


Dungeon Overview and Level Annotations

Branches:
Dungeon (9/15)             Temple (0/1) D:6            Lair (0/6) D:9
  Sewer (visited)
    Orc: D:9-12

Altars:
Ashenzari
Fedhas
Hepliaklqana
Kikubaaqudgha
Nemelex Xobeh
Qazlal
Ru
Sif Muna
Trog
Uskayaw
Vehumet
Yredelemnul
Zin
The Shining One
Beogh

Shops:
D:7 :   D:8 !*[[   D:9 ?

Annotations:
D:5 exclusion: statue


Innate Abilities, Weirdness & Mutations

You reflexively headbutt those who attack you in melee.
You have a pair of horns on your head.


Message History

The bolt of electricity hits you!
A hound comes into view.
The electric eel shoots out a bolt of lightning at you!
The bolt of electricity hits you! x2
The hound barks!
The electric eel shoots out a bolt of lightning at you!
The bolt of electricity hits you! x2
The electric eel shoots out a bolt of lightning at you!
The bolt of electricity hits you! The bolt of electricity hits you.
An adder comes into view.
The electric eel shoots out a bolt of lightning at you!
The bolt of electricity hits you.
* * * LOW HITPOINT WARNING * * *
The bolt of electricity hits you!
* * * LOW HITPOINT WARNING * * *
The electric eel shoots out a bolt of lightning at you!
The bolt of electricity hits you!
* * * LOW HITPOINT WARNING * * *
The bolt of electricity hits you!
You die...

##....########.# #.#
#.##'##.........# #.#
#.......#######.# #..
###.......# .# ##.
..........# .# #.
....##....# .### #.
.....#....# ... #.
..._......#######.##..##
#.
.#.....#####....@.......
#. .##....#
#........≈... #.
.......# #.≈....≈....≈
#. ....####
#.≈h...≈≈.≈≈≈ #.
....########.≈≈;.≈.S≈≈≈≈
##
##.........†...≈≈≈≈≈≈≈≈≈
#
#......###....≈≈≈≈≈≈≈≈≈
# ##......#
##.≈≈≈≈.≈.≈.≈≈ #
........# #..≈≈≈... #


You could see a hound, an electric eel and an adder.

Vanquished Creatures
  Harold (D:8)
  A two-headed ogre (D:5)
  Erica (D:8)
  Pikel (D:4)
  A centaur zombie (D:9)
  A troll (D:9)
  Prince Ribbit (D:5)
  3 hungry ghosts
  3 water moccasins
  An orc warrior (D:7)
  2 phantoms
  2 black bears
  3 ice beasts (D:5)
  A necrophage (D:5)
  7 ogres
  4 wolves (D:9)
  6 centaurs
  A crocodile (Sewer)
  A big kobold (D:9)
  8 bullfrogs
  A gnoll sergeant (D:7)
  A wyvern skeleton (D:7)
  2 scorpions (D:8)
  A water moccasin skeleton (D:6)
  4 killer bees (D:8)
  A wight (D:9)
  2 howler monkeys (D:5)
  3 crimson imps
  A quasit (D:5)
  2 bullfrog zombies
  2 jellies
  6 orc wizards
  4 orc priests
  A centaur skeleton (D:4)
  4 hounds
  A bullfrog skeleton (D:6)
  Terence (D:2)
  An iguana (D:4)
  11 worker ants
  10 gnolls
  4 adders
  2 oozes (D:5)
  An adder skeleton (D:6)
  7 worms
  10 leopard geckos
  25 orcs
  6 giant cockroaches
  6 goblins
  6 hobgoblins
  11 jackals
  8 quokkas
  8 bats
  A frilled lizard (D:1)
  2 jackal skeletons (D:6)
  11 kobolds
  A leopard gecko zombie (D:6)
  10 rats
227 creatures vanquished.

Vanquished Creatures (others)
  A slave (D:4)
1 creature vanquished.

Grand Total: 228 creatures vanquished

Notes
Turn   | Place    | Note
-------+----------+-------------------------------------------
     0 | D:1      | EcosseEcosse the Minotaur Fighter began the quest for the
                  | Orb.
     0 | D:1      | Reached XP level 1. HP: 19/19 MP: 0/0
   240 | D:1      | Reached XP level 2. HP: 25/27 MP: 1/1
   923 | D:2      | Reached XP level 3. HP: 33/33 MP: 2/2
   924 | D:2      | Noticed Terence
   937 | D:2      | Killed Terence
   938 | D:2      | Reached skill level 3 in Axes
  1069 | D:2      | Found a glowing silver altar of Zin.
  1153 | D:2      | Reached XP level 4. HP: 36/40 MP: 3/3
  1525 | D:2      | Found a glowing golden altar of the Shining One.
  1531 | D:2      | Became a worshipper of the Shining One
  1662 | D:3      | Reached skill level 1 in Dodging
  1806 | D:3      | Found a bloodstained altar of Trog.
  1880 | D:3      | Noticed a phantom
  1937 | D:3      | Killed a phantom
  1937 | D:3      | Reached skill level 4 in Axes
  1937 | D:3      | Reached skill level 5 in Armour
  1937 | D:3      | Reached XP level 5. HP: 8/46 MP: 4/4
  2102 | D:3      | Found a glowing drain.
  2111 | Sewer    | Entered a sewer
  2283 | Sewer    | Noticed a crocodile
  2293 | Sewer    | Killed a crocodile
  2293 | Sewer    | Reached XP level 6. HP: 39/52 MP: 5/5
  2481 | D:3      | Reached skill level 5 in Axes
  2956 | D:4      | Reached * piety under the Shining One
  2956 | D:4      | Noticed a slave
  2958 | D:4      | Noticed Pikel
  2960 | D:4      | Noticed a slave
  2964 | D:4      | Noticed a slave
  2970 | D:4      | Noticed a slave
  2986 | D:4      | Killed Pikel
  2986 | D:4      | Reached skill level 5 in Fighting
  2986 | D:4      | Reached skill level 7 in Axes
  2986 | D:4      | Reached skill level 5 in Shields
  2986 | D:4      | Reached XP level 7. HP: 39/61 MP: 6/6
  3467 | D:4      | Reached XP level 8. HP: 55/69 MP: 7/7
  3539 | D:4      | Found an ancient bone altar of Kikubaaqudgha.
  3646 | D:4      | Found a sacrificial altar of Ru.
  3758 | D:4      | Found a roughly hewn altar of Beogh.
  3914 | D:5      | Entered Level 5 of the Dungeon
  3931 | D:5      | Noticed a two-headed ogre
  3935 | D:5      | Noticed Prince Ribbit
  3959 | D:5      | Killed a two-headed ogre
  3959 | D:5      | Reached skill level 9 in Axes
  4294 | D:5      | Killed Prince Ribbit
  4294 | D:5      | Reached XP level 9. HP: 54/78 MP: 8/8
  4558 | D:5      | Found a shattered altar of Ashenzari.
  4617 | D:5      | Found a transporter.
  4914 | D:5      | Found a transporter.
  4990 | D:5      | Found a radiant altar of Vehumet.
  5141 | D:5      | Found a shimmering blue altar of Sif Muna.
  5205 | D:5      | Reached skill level 10 in Axes
  5725 | D:6      | Reached ** piety under the Shining One
  6095 | D:6      | Found a basalt altar of Yredelemnul.
  6342 | D:6      | Found a staircase to the Ecumenical Temple.
  6663 | D:7      | Reached skill level 1 in Stealth
  6663 | D:7      | Reached XP level 10. HP: 73/89 MP: 9/9
  6850 | D:7      | Found Uguack's Book Shoppe.
  6905 | D:7      | Found a blossoming altar of Fedhas.
  7041 | D:7      | Found a sparkling altar of Nemelex Xobeh.
  7084 | D:7      | Found a hide-covered altar of Uskayaw.
  7230 | D:7      | Paralysed by fainting for 6 turns
  7392 | D:7      | Reached skill level 11 in Axes
  7823 | D:8      | Found Oqemuiwk's Antique Armour Shop.
  7952 | D:8      | Found Sauppig's Armour Shop.
  7956 | D:8      | Found Toekhlunn's Assorted Antiques.
  7966 | D:8      | Reached *** piety under the Shining One
  8039 | D:8      | Bought a runed ring mail for 147 gold pieces
  8104 | D:8      | Noticed Erica
  8793 | D:8      | Killed Erica
  9071 | D:8      | Found Caidgh's Distillery.
  9082 | D:8      | Bought a potion of curing for 42 gold pieces
  9082 | D:8      | Bought a potion of heal wounds for 70 gold pieces
  9136 | D:8      | Noticed Harold
  9153 | D:8      | Killed Harold
  9153 | D:8      | Reached skill level 12 in Axes
  9269 | D:8      | Found a stormy altar of Qazlal.
  9437 | D:9      | Found a shimmering blue altar of Sif Muna.
  9437 | D:9      | Found Geih's Magic Scroll Emporium.
  9450 | D:9      | Reached skill level 5 in Dodging
  9459 | D:9      | Bought a scroll of identify for 26 gold pieces
  9459 | D:9      | Bought a scroll of identify for 26 gold pieces
  9459 | D:9      | Bought a scroll of enchant weapon for 97 gold pieces
  9459 | D:9      | Bought a scroll of identify for 26 gold pieces
  9594 | D:9      | Found a hazy altar of Hepliaklqana.
  9734 | D:9      | Reached XP level 11. HP: 97/97 MP: 10/10
 10366 | D:9      | Found a staircase to the Lair.
 10375 | D:9      | Killed from afar by an electric eel

Illustrated notes

Levels and vault maps discovered:
D:1:      scummos_arrival_star, layout_loops_ring
D:2:      layout_rooms, nicolae_tso_swordbearing_angel, lemuel_doored_altar,
          serial_rivers, chequers_serial_rivers_micro_e,
          chequers_serial_rivers_small_b, chequers_serial_rivers_small_3,
          chequers_serial_rivers_small_b, uniq_terence
D:3:      layout_rooms, lemuel_coloured_pillars_altar, portal_sewer_entry_f
D:4:      layout_basic, nicolae_ru_path_of_blood, kiku_gazebo_garden_becter,
          kennysheep_orc_chapel, uniq_pikel
D:5:      gammafunk_cloud_chamber, layout_loops_cross, kennysheep_mini_moat,
          vehumet_statue, chequers_ossuary_entry_cave, first_ration,
          lemuel_blue_sif_altar, uniq_prince_ribbit1
D:6:      layout_basic, kennysheep_mini, minmay_temple_entry_nine_rooms
D:7:      wander_river, layout_basic, fedhas_bush_and_centaur_altar,
          nemelex_xobeh_ov_fountains_minmay, lemuel_crystal_altar, serial_shops,
          nicolae_shop_trees
D:8:      layout_loops_ring, kennysheep_little_box, serial_shops, shop,
          nicolae_shop_waterfront, nicolae_shop_crystal,
          nicolae_shop_window_shopping, uniq_erica, uniq_harold
D:9:      layout_roguey, overflow_temple_1_default,
          nicolae_overflow_crystal_walls, erik_lair_island, serial_shops,
          nicolae_shop_statue_plus

Skill      XL: |  1  2  3  4  5  6  7  8  9 10 |
---------------+-------------------------------+-----
Armour         | 4 5 6 7 8 9 |  9.4
Shields        | 4 5 6 7 9 |  9.6
Fighting       | 4 5 6 8 9 |  9.4
Axes           | 3 4 7 9 10 12 | 12.6
Dodging        | 1 2 3 5 |  5.1
Stealth        | 1 |  1.1

Action                   |  1- 3 |  4- 6 |  7- 9 | 10-12 || total
-------------------------+-------+-------+-------+-------++-------
Melee: War axe           |    49 |       |       |       ||    49
       Headbutt          |    11 |    24 |    50 |    51 ||   136
       Hand axe          |    35 |   161 |   254 |   298 ||   748
  Use: Potion            |       |     2 |       |     3 ||     5
       Scroll            |       |     1 |     3 |     7 ||    11
  Eat: Chunk             |     1 |     6 |     8 |     4 ||    19
       Ration            |       |       |     1 |     3 ||     4
Armor: Scale mail        |    53 |    68 |    68 |    42 ||   231
       Skin              |       |     4 |       |       ||     4
       Ring mail         |       |       |       |    15 ||    15
Dodge: Dodged            |    35 |    46 |    86 |    73 ||   240
Block: Kite shield       |    50 |    96 |   124 |   135 ||   405
